 Dungeon Crawl Stone Soup version 0.30.0-29-ga12c61a403 (webtiles) character file.

Game seed: 13247000986946699469

53 IndexError the Magician (level 4, 33/33 HPs)
             Began as a Djinni Conjurer on June 6, 2023.
             Quit the game on level 2 of the Dungeon.
             The game lasted 00:01:14 (1139 turns).

IndexError the Magician (Djinni Conjurer)           Turns: 1139, Time: 00:01:15

Health: 33/33      AC:  2    Str:  6    XL:     4   Next: 11%
Gold:   91         EV: 12    Int: 22    God:
                   SH:  0    Dex: 11

rFire   + + .        b - +0 dagger
rCold   x . .        (no shield)
rNeg    . . .        a - +0 robe
rPois   ∞            (no helmet)
rElec   .            (no cloak)
rCorr   .            (no gloves)
SInv    .            (boots unavailable)
Will    .....        (no amulet)
Stlth   ++           (no ring)
HPRegen 0.25/turn    (no ring)
MPRegen 0.00/turn

%: no passive effects
@: flying
A: sickness immunity, fire resistance 2, cold vulnerability 1, float, innate
caster, HP casting, extra vitality 1
a: no special abilities


You were on level 2 of the Dungeon.
You visited 1 branch of the dungeon, and saw 2 of its levels.

You collected 91 gold pieces.

Inventory:

Hand Weapons
 b - a +0 dagger (weapon)
   (You took it off a goblin on level 1 of the Dungeon)
Armour
 a - a +0 robe (worn)
Scrolls
 c - 2 scrolls of enchant weapon {unknown}
 e - a scroll of vulnerability {unknown}
 g - a scroll of poison {unknown}
 h - a scroll of brand weapon {unknown}
Potions
 d - a potion of lignification {unknown}
 f - 2 potions of attraction {unknown}
 i - a potion of mutation {unknown}
 j - 2 potions of curing {unknown}


   Skills:
 + Level 1.7 Fighting
 - Level 2.1 Dodging
 - Level 1.5 Stealth
 * Level 4.0 Spellcasting


You knew the following spells:

 Your Spells              Type           Power      Damage    Failure   Level
a - Magic Dart            Conj           88%        1d7       2%          1
b - Searing Ray           Conj           44%        2d6       3%          2
c - Dazzling Flash        Conj/Hex       44%        N/A       6%          3
d - Fulminant Prism       Conj/Hex       11%        3d9       22%         4
e - Beastly Appendage     Tmut           44%        N/A       2%          1
x - Iskenderun's Mystic   Conj/Tloc      22%        2d6       22%         4
Your spell library was empty.

Dungeon Overview and Level Annotations

Branches:
Dungeon (2/15)

Altars:


Innate Abilities, Weirdness & Mutations

You are immune to sickness and miasma.
You are immune to poison.
Your flesh is very heat resistant. (rF++)
You are vulnerable to cold. (rC-)
You float through the air rather than walking.
You learn spells naturally, not from books.
Your magical power is your life essence.
You have superior vitality. (+4 MHP)


Message History

There is a stone staircase leading up here.
You fly upwards.
There is a stone staircase leading down here.
You see here Maxwell's Memoranda.
There is a stone staircase leading down here.
You fly downwards.
There is a stone staircase leading up here.
There are monsters nearby!
The magic dart hits the endoplasm.
The endoplasm quivers.
You take 1 damage, and have 26/27 hp.
The magic dart hits the endoplasm.
You take 1 damage, and have 25/27 hp.
The magic dart hits the ball python.
You can't see any susceptible monsters within range! (Use Z to cast anyway.)
You can't see any susceptible monsters within range! (Use Z to cast anyway.) HP restored.
A hobgoblin comes into view.
You see here 15 gold pieces.
Health restored: 27 The magic dart hits the hobgoblin.
You take 1 damage, and have 26/27 hp.
You can't see any susceptible monsters within range! (Use Z to cast anyway.)
You can't see any susceptible monsters within range! (Use Z to cast anyway.)
You now have 77 gold pieces (gained 15).
A hobgoblin comes into view.
Health restored: 27 The magic dart hits the hobgoblin.
You take 1 damage, and have 26/27 hp.
You can't see any susceptible monsters within range! (Use Z to cast anyway.)
You can't see any susceptible monsters within range! (Use Z to cast anyway.)
A kobold comes into view. It is wielding a +0 dagger.
Health restored: 27 You miscast Magic Dart.
You are very lightly contaminated with residual magic.
Nothing appears to happen.
The kobold shouts!
You take 1 damage, and have 26/27 hp.
The magic dart hits the kobold.
You take 1 damage, and have 25/27 hp.
The magic dart hits the kobold.
You can't see any susceptible monsters within range! (Use Z to cast anyway.)
Your magical contamination has completely faded away.
g - a scroll labelled ZOPHIGHAINU You see here a +0 dagger.
Health restored: 27 You can't see any susceptible monsters within range! (Use Z to cast anyway.)
f - 2 bubbling white potions (gained 1)
An endoplasm comes into view.
An endoplasm is nearby!
The magic dart hits the endoplasm.
You can't see any susceptible monsters within range! (Use Z to cast anyway.)
h - a scroll labelled ZIPRIF XYAMINOLOCS You can't see any susceptible monsters within range! (Use Z to cast anyway.)
You now have 87 gold pieces (gained 10).
i - a bubbling golden potion
j - a red potion You can't see any susceptible monsters within range! (Use Z to cast anyway.)
j - 2 red potions (gained 1)
An adder comes into view.
The adder hisses angrily.
An adder is nearby!
An adder is nearby!
The magic dart hits the adder.
The magic dart hits the adder but does no damage.
You take 1 damage, and have 26/27 hp.
The magic dart hits the adder.
You take 1 damage, and have 25/27 hp.
The magic dart hits the adder.
Your Spellcasting skill increases to level 4!
You have reached level 4!
You feel clever.
You regained 4 hp, and now have 29/32 hp.
You can't see any susceptible monsters within range! (Use Z to cast anyway.)
A worm comes into view.
Health restored: 32 You miscast Magic Dart.
You are very lightly contaminated with residual magic.
Nothing appears to happen.
You take 1 damage, and have 31/32 hp.
The magic dart hits the worm.
You take 1 damage, and have 30/32 hp.
The magic dart hits the worm.
The magic dart hits the worm.
You take 1 damage, and have 29/32 hp.
The magic dart hits the worm.
You take 1 damage, and have 28/32 hp.
The magic dart hits the worm.
You can't see any susceptible monsters within range! (Use Z to cast anyway.)
You can't see any susceptible monsters within range! (Use Z to cast anyway.)
Your magical contamination has completely faded away.
You see here an adder corpse.
You now have 91 gold pieces (gained 4).
Found an escape hatch in the floor.
Health restored: 33
There is an escape hatch in the floor here.
Found a stone staircase leading down.
Found an escape hatch in the ceiling.
There is a stone staircase leading down here.
Found a stone staircase leading down.
Are you sure you want to abandon this character and quit the game? (Confirm with "yes".)

#########
#.....<.#
#.......#
######.......#
>......@.....#
######.......#
#...>...#
#.......#
####.#### #.#
#.# #.# #.#


There were no monsters in sight!

Vanquished Creatures
  An adder (D:2)
  A worm (D:2)
  2 dart slugs (D:1)
  6 endoplasms
  2 giant cockroaches (D:1)
  2 goblins (D:1)
  5 hobgoblins
  3 kobolds
  5 ball pythons
  2 bats (D:1)
  4 rats (D:1)
33 creatures vanquished.

Notes
Turn   | Place    | Note
-------+----------+-------------------------------------------
     0 | D:1      | IndexError the Djinni Conjurer began the quest for the Orb.
     0 | D:1      | IndexError set off with the following spells memorised:
                  | Magic Dart, Searing Ray, Dazzling Flash, Fulminant Prism,
                  | Iskenderun's Mystic Blast.
     0 | D:1      | Reached XP level 1. HP: 15/15 MP: 0/0
   168 | D:1      | Reached XP level 2. HP: 19/22 MP: 0/0
   291 | D:1      | Reached skill level 1 in Fighting
   353 | D:1      | Reached XP level 3. HP: 25/27 MP: 0/0
   353 | D:1      | Learned a level 1 spell: Beastly Appendage
  1030 | D:2      | Reached skill level 4 in Spellcasting
  1030 | D:2      | Reached XP level 4. HP: 29/32 MP: 0/0
  1139 | D:2      | Quit the game

Illustrated notes

Levels and vault maps discovered:
D:1:      dpeg_arrival_ternary, layout_loops_ring
D:2:      layout_loops_ring, nicolae_titane

Skill      XL: |  1  2  3 |
---------------+----------+-----
Fighting       | 1 |  1.7
Spellcasting   | 4 |  4.0
Dodging        | |  2.1
Stealth        | |  1.5

Action                     |  1- 3 |  4- 6 || total
---------------------------+-------+-------++-------
   Cast: Magic Dart        |    62 |     5 ||    67
  Dodge: Dodged            |     3 |       ||     3

Levels and vault maps discovered:
D:1:      dpeg_arrival_ternary, layout_loops_ring
D:2:      layout_loops_ring, nicolae_titane

Table legend: (Time is in decaauts)
 A = Elapsed time spent in this place.
 B = Non-inter-level travel time spent in this place.
 C = Inter-level travel time spent in this place.
 D = Time resting spent in this place.
 E = Time spent auto-exploring this place.
 F = Levels seen in this place.
 G = Mean time per level.
                   A        B        C        D        E       F      G
               +--------+--------+--------+--------+--------+-----+--------+
         Total |   1138 |   1074 |     64 |      0 |    946 |   2 |  569.0 |
       Dungeon |   1138 |   1074 |     64 |      0 |    946 |   2 |  569.0 |
               +--------+--------+--------+--------+--------+-----+--------+

Top non-repeatable levels by time:
     D:1: 794 daAuts
     D:2: 344 daAuts

Table legend:
 A = Kills in this place as a percentage of kills in the entire game.
 B = Kills by you in this place as a percentage of kills by you in the entire game.
 C = Kills by friends in this place as a percentage of kills by friends in the entire game.
 D = Other kills in this place as a percentage of other kills in the entire game.
 E = Experience gained in this place as a percentage of experience gained in the entire game.
 F = Experience gained in this place divided by the number of levels of this place that you have seen.
                   A       B       C       D       E      F
               +-------+-------+-------+-------+-------+----------------------
         Total | 100.0 | 100.0 |   N/A |   N/A | 100.0 |  38.5
       Dungeon | 100.0 | 100.0 |   N/A |   N/A | 100.0 |  38.5
               +-------+-------+-------+-------+-------+----------------------
